 Dungeon Crawl Stone Soup version 0.16-a0-3926-g4728e1c (webtiles) character file.

20 timbw the Grave Robber (level 3, -1/19 HPs)
             Began as a Kobold Necromancer on Feb 5, 2015.
             Was an Initiate of Okawaru.
             Slain by a hobgoblin
             ... wielding a +0 club
              (7 damage)
             ... on level 4 of the Dungeon.
             The game lasted 00:03:24 (962 turns).

timbw the Grave Robber (Kobold Necromancer)          Turns: 962, Time: 00:03:25

Health: -1/19      AC:  2    Str:  6    XL:     3   Next: 0%
Magic:  3/6        EV: 15    Int: 14    God:    Okawaru [......]
Gold:   27         SH:  0    Dex: 16    Spells: 2 memorised, 2 levels left

rFire  . . .     SeeInvis .       - Unarmed
rCold  . . .     Clarity  .     a - +0 robe
rNeg   . . .     SustAb   .     (no shield)
rPois  .         Gourm    .     (no helmet)
rElec  .         Spirit   .     (no cloak)
rCorr  .         Warding  .     (no gloves)
rMut   .         Stasis   .     (no boots)
MR     .....                    (no amulet)
Stlth  ++........               (no ring)
                                i - ring of invisibility

@: regenerating (expiring), not resistant to hostile enchantments, unstealthy
A: carnivore 3
a: Renounce Religion, Evoke Invisibility


You were on level 4 of the Dungeon.
You worshipped Okawaru.
Okawaru was noncommittal.
You were hungry.

You visited 1 branch of the dungeon, and saw 4 of its levels.

You collected 27 gold pieces.

Inventory:

Armour
 a - a +0 robe (worn)
Jewellery
 i - a ring of invisibility (left hand)
Scrolls
 d - 2 scrolls of recharging {unknown}
 e - a scroll of enchant armour {unknown}
 f - a scroll of magic mapping {unknown}
 g - a scroll of random uselessness {unknown}
 h - a scroll of identify {unknown}
 j - a scroll of remove curse {unknown}
Books
 b - a book of Necromancy

   Spells                             Type                      Level
   a - Pain                           Necromancy                   1
   b - Animate Skeleton               Necromancy                   1
   c - Vampiric Draining              Necromancy                   3
   d - Regeneration                   Charms/Necromancy            3
   e - Animate Dead                   Necromancy                   4
   f - Control Undead                 Necromancy                   4
Comestibles
 c - a meat ration


   Skills:
 - Level 2.4 Dodging
 - Level 2.6 Stealth
 + Level 2.3 Unarmed Combat
 - Level 2.0 Spellcasting
 - Level 4.0 Necromancy


You had 2 spell levels left.
You knew the following spells:

 Your Spells              Type           Power        Failure   Level  Hunger
a - Pain                  Necr           ##..         4%          1    ##.....
b - Regeneration          Chrm/Necr      #.........   30%         3    ####...


Dungeon Overview and Level Annotations

Branches:
Dungeon (4/15)
 Temple: D:4-7

Altars:
Okawaru

Annotations:
D:3 Grinder
D:4 ConnectionFaild's ghost, average VSMo


Innate Abilities, Weirdness & Mutations

You are small and have problems with some larger weapons.
You are carnivorous and can eat meat at any time.


Message History

There is a stone staircase leading up here.
ConnectionFaild's ghost hits you!
You see here a scroll labeled DAZYSTR USKUT.
j - a scroll labeled DAZYSTR USKUT The hobgoblin barely misses you.
ConnectionFaild's ghost completely misses you.
The hobgoblin closely misses you.
ConnectionFaild's ghost completely misses you.
Found 2 gold pieces.
You see here 2 gold pieces.
ConnectionFaild's ghost hits you but does no damage.
ConnectionFaild's ghost hits you. The hobgoblin barely misses you.
Casting: Regeneration
Confirm with . or Enter, or press ? or * to list all spells.
Your skin crawls.
Your skin is crawling a little less now.
ConnectionFaild's ghost shrieks, "You must not succeed where I failed!"
ConnectionFaild's ghost hits you. The hobgoblin hits you with a club!
You die...

####### #.....#
#.....# #.....#
###########.....#
#...............#
#...............#
#.........Wg....#
#..........@....#
#...............#
#...............#
#........########
. #$.......# ..
#........#
..####........#
......#+##....#
......# #....#


You could see ConnectionFaild's ghost and a hobgoblin.

Vanquished Creatures
  A worm (D:3)
  An orc (D:3)
  3 giant cockroaches
  A jackal (D:3)
  2 bats
  A giant newt (D:3)
  2 goblins (D:3)
  2 kobolds (D:3)
  2 rats (D:3)
15 creatures vanquished.

Notes
Turn   | Place    | Note
--------------------------------------------------------------
     0 | D:1      | timbw, the Kobold Necromancer, began the quest for the Orb.
     0 | D:1      | Reached XP level 1. HP: 10/10 MP: 3/3
   326 | D:3      | Reached skill level 1 in Unarmed Combat
   379 | D:3      | Reached XP level 2. HP: 10/15 MP: 1/4
   462 | D:4      | Noticed ConnectionFaild's ghost (average VSMo)
   545 | D:3      | Found an iron altar of Okawaru.
   550 | D:3      | Became a worshipper of Warmaster Okawaru
   876 | D:3      | Reached XP level 3. HP: 19/19 MP: 6/6
   881 | D:3      | Learned a level 3 spell: Regeneration
   884 | D:3      | Noticed an orc priest
   885 | D:3      | Noticed Grinder
   886 | D:3      | Noticed a giant frog skeleton
   962 | D:4      | Slain by a hobgoblin

Action                   || total
-------------------------++-------
Melee: Unarmed           ||    15
 Cast: Pain              ||    20
       Regeneration      ||     2
 Stab: Sleeping          ||     1
